 Dungeon Crawl Stone Soup version 0.23.1 (webtiles) character file.

Game seed: 4866063660065409043

60 dvd the Conjurer (level 4, -6/27 HPs)
             Began as an Octopode Conjurer on Mar 10, 2019.
             Mangled by Blork the orc
             ... wielding a cursed +0 long sword
              (8 damage)
             ... on level 4 of the Dungeon.
             The game lasted 00:04:22 (2765 turns).

dvd the Conjurer (Octopode Conjurer)                Turns: 2765, Time: 00:04:22

Health: -6/27      AC:  1    Str:  7    XL:     4   Next: 4%
Magic:  0/7        EV: 13    Int: 18    God:
Gold:   84         SH:  0    Dex: 12    Spells: 4/7 levels left

rFire    . . .     SeeInvis .   a - +0 dagger
rCold    . . .     Gourm    .   (no shield)
rNeg     . . .     Faith    .   (helmet restricted)
rPois    .         Spirit   .   (no amulet)
rElec    .         Reflect  .   (no ring)
rCorr    .         Harm     .   (no ring)
MR       .....                  (no ring)
Stlth    +++.......             (no ring)
HPRegen  0.09/turn              (no ring)
MPRegen  0.10/turn              (no ring)
                                (no ring)
                                (no ring)

@: very slightly contaminated
A: almost no armour, stealthy swim, amphibious, 8 rings, constrict 8, camouflage
1, gelatinous body 1
a: no special abilities


You were on level 4 of the Dungeon.
You were hungry.

You visited 1 branch of the dungeon, and saw 4 of its levels.

You collected 84 gold pieces.

Inventory:

Hand Weapons
 a - a +0 dagger (weapon)
 g - a +0 short sword
 p - a +0 hand axe
Scrolls
 c - 2 scrolls of enchant weapon {unknown}
 d - 2 scrolls of remove curse {unknown}
 e - a scroll of random uselessness {unknown}
 h - 7 scrolls of identify {unknown}
 l - a scroll of enchant armour {unknown}
 m - a scroll of blinking {unknown}
 n - a scroll of amnesia {unknown}
Potions
 i - a potion of curing {unknown}
 j - 2 potions of lignification {unknown}
 k - a potion of agility {unknown}
Comestibles
 b - 6 rations


   Skills:
 + Level 0.2 Short Blades
 + Level 2.2 Dodging
 + Level 3.3 Stealth
 + Level 2.4 Spellcasting
 + Level 4.9 Conjurations


You had 4 spell levels left.
You knew the following spells:

 Your Spells              Type           Power        Failure   Level  Hunger
a - Magic Dart            Conj           ###.         2%          1    #......
b - Searing Ray           Conj           ###...       3%          2    ##.....

Your spell library contained the following spells:

 Spells                   Type           Power        Failure   Level  Hunger
 Dazzling Spray           Conj/Hex       ##....       19%         3    ###....
 Iskenderun's Mystic Bla  Conj           ###.....     22%         4    #####..
 Force Lance              Conj/Tloc      ##......     54%         4    #####..
 Fulminant Prism          Conj/Hex       ##........   54%         4    #####..


Dungeon Overview and Level Annotations

Branches:
Dungeon (4/15)
 Temple: D:4-7

Altars:

Annotations:
D:3 Terence
D:4 Blork the orc


Innate Abilities, Weirdness & Mutations

You cannot wear most types of armour.
You are very stealthy in the water. (Stealth+)
You are amphibious.
You can wear up to eight rings at the same time.
You can use your tentacles to constrict eight enemies at once.
Your skin changes colour to match your surroundings (Stealth+).
Your rubbery body absorbs attacks. (AC +1, EV +1)


Message History

The searing ray hits Blork the orc.
Blork the orc is heavily wounded.
Blork the orc hits you with a cursed +0 long sword!
* * * LOW HITPOINT WARNING * * *
The searing ray hits Blork the orc!
Blork the orc is almost dead.
You finish channeling your searing ray.
Blork the orc casts a spell.
Blork the orc flickers and vanishes!
Deactivating autopickup; reactivate with Ctrl-A.
Casting: Searing Ray (safe; 3% risk of failure)
Confirm with . or Enter, or press ? or * to list all spells.
Aiming: Magic Dart (safe; 2% risk of failure)
Press: ? - help, Shift-Dir - straight line You miscast Magic Dart.
You are very lightly contaminated with residual magic.
Nothing appears to happen.
Something hits you.
* * * LOW HITPOINT WARNING * * *
Something hits you!
You die...

.......<.##...#....###
.....................#
.....#...####.......>#
###......####........#
##.................#
#........##.......#
####........##.......##
...........###......).#
......{@...# ####.....#
........#### #.....#
........# #######
........# .(......#
###...... #......
#......


There were no monsters in sight!

Vanquished Creatures
  An adder (D:3)
  2 worms
  A leopard gecko (D:2)
  3 orcs (D:3)
  A ball python (D:2)
  A giant cockroach (D:1)
  3 goblins
  3 hobgoblins
  6 jackals
  6 bats
  7 frilled lizards
  5 kobolds
  3 rats
42 creatures vanquished.

Notes
Turn   | Place    | Note
-------+----------+-------------------------------------------
     0 | D:1      | dvd the Octopode Conjurer began the quest for the Orb.
     0 | D:1      | Reached XP level 1. HP: 11/11 MP: 3/3
   391 | D:1      | Reached XP level 2. HP: 17/17 MP: 3/5
  1417 | D:2      | Reached XP level 3. HP: 21/21 MP: 2/6
  2399 | D:3      | Reached XP level 4. HP: 27/27 MP: 2/7
  2487 | D:3      | Noticed Terence
  2734 | D:4      | Learned a level 2 spell: Searing Ray
  2757 | D:4      | Noticed Blork the orc
  2765 | D:4      | Mangled by Blork the orc

Skill      XL: |  1  2 |
---------------+-------+-----
Stealth        | 3 |  3.3
Short Blades   | |  0.2
Dodging        | |  2.2
Spellcasting   | |  2.4
Conjurations   | |  4.9

Action                   |  1- 3 |  4- 6 || total
-------------------------+-------+-------++-------
Melee: Short sword       |    20 |       ||    20
       Tentacles         |     3 |       ||     3
       Constrict         |     4 |       ||     4
 Cast: Magic Dart        |    75 |     7 ||    82
       Searing Ray       |       |     1 ||     1
 Stab: Sleeping          |     4 |       ||     4
  Eat: Chunk             |     5 |     1 ||     6
Armor: Skin              |     1 |       ||     1
Dodge: Dodged            |    11 |       ||    11
